 Dungeon Crawl Stone Soup version 0.27-a0-906-g0a00ce863d (webtiles) character file.

Game seed: 16523971424414486594

636 robertstho the Skirmisher (level 7, -5/53 (55) HPs)
             Began as a Demonspawn Abyssal Knight on Apr 7, 2021.
             Was a Believer of Lugonu.
             Shot with a bolt by a kobold (7 damage)
             ... on level 4 of the Dungeon.
             The game lasted 00:03:59 (4243 turns).

robertstho the Skirmisher (DsAK)                    Turns: 4243, Time: 00:04:00

HP:   -5/53 (55)    AC:  6    Str: 14    XL:     7   Next: 25%
MP:   10/10         EV: 10    Int: 13    God:    Lugonu [**....]
Gold: 194           SH:  0    Dex: 13    Spells: 6/6 levels left

rFire    . . .     SeeInvis .   a - +1 falchion
rCold    . . .     Faith    .   (no shield)
rNeg     . . .     Spirit   .   c - +0 ring mail
rPois    .         Reflect  .   (helmet restricted)
rElec    .         Harm     .   (no cloak)
rCorr    .         Rampage  .   (no gloves)
Will     .....                  (no boots)
Stlth    +.........             (no amulet)
HPRegen  0.17/turn              e - +4 ring of slaying
MPRegen  0.12/turn              (no ring)

@: lightly drained, invisible
A: talons 1, ignite blood 2, antennae 1, mutation resistance 1
a: Renounce Religion, Depart the Abyss, Bend Space


You were on level 4 of the Dungeon.
You worshipped Lugonu.
Lugonu was pleased with you.
You visited 1 branch of the dungeon, and saw 4 of its levels.
You visited the Abyss 1 time.

You collected 194 gold pieces.

Inventory:

Hand Weapons
 a - a +1 falchion (weapon)
Armour
 c - a +0 ring mail (worn)
Jewellery
 e - a +4 ring of slaying (left hand)
 o - a +6 ring of dexterity
 q - an amulet of regeneration
Wands
 l - a wand of acid (11)
Scrolls
 b - 2 scrolls of enchant weapon {unknown}
 d - a scroll of fog {unknown}
 h - a scroll of blinking {unknown}
 i - 2 scrolls of teleportation {unknown}
 j - a scroll of identify {unknown}
 m - a scroll of silence {unknown}
 n - a scroll of amnesia {unknown}
 r - a scroll of noise {unknown}
 s - a scroll of magic mapping {unknown}
 t - 2 scrolls of acquirement {unknown}
 w - a scroll of brand weapon {unknown}
Potions
 f - a potion of brilliance
 g - a potion of lignification


   Skills:
 * Level 4.8 Fighting
 + Level 3.7 Long Blades
 * Level 4.6 Armour
 + Level 1.3 Dodging
 + Level 0.4 Stealth
 * Level 4.5 Invocations


You had 6 spell levels left.
You didn't know any spells.
Your spell library contained the following spells:

 Spells                   Type           Power      Damage    Failure   Level
 Magic Dart               Conj           0%         1d3       52%         1
 Blink                    Tloc           N/A        N/A       65%         2
 Call Imp                 Summ           0%         N/A       65%         2
 Slow                     Hex            0%         N/A       65%         2
 Conjure Flame            Conj/Fire      0%         6-21      87%         3
 Mephitic Cloud           Conj/Pois/Air  0%         N/A       87%         3


Dungeon Overview and Level Annotations

Branches:
Dungeon (4/15)
 Temple: D:4-7

Altars:
Dithmenos
The Shining One


Innate Abilities, Weirdness & Mutations

You have sharp toenails.
Your demonic aura often causes spilled blood to erupt in flames You have a pair of small antennae on your head.
You are somewhat resistant to further mutation.


Message History

* * * LOW HITPOINT WARNING * * *
The kobold hits you with a +0 dagger.
* * * LOW HITPOINT WARNING * * *
The ball python bites you but does no damage.
The ball python constricts you.
It was a potion of attraction.
You feel attractive to monsters.
The necrophage hits you but does no damage.
The kobold hits you but does no damage.
The ball python bites you but does no damage.
The ball python constricts you.
It was a potion of mutation.
You feel extremely strange.
You feel genetically stable. A pair of antennae grows on your head!
The necrophage hits you.
* * * LOW HITPOINT WARNING * * *
The ball python bites you but does no damage.
The ball python constricts you. The kobold hits you but does no damage.
The jackal pauses to sniff the ground.
It was a potion of cancellation.
Your magical effects are unravelling.
You feel magically purged.
You feel less wooden.
Your +0 ring mail unmelds from your body.
The ball python bites you.
* * * LOW HITPOINT WARNING * * *
x2 The ball python constricts you.
The necrophage hits you.
* * * LOW HITPOINT WARNING * * *
You feel drained.
* * * LOW HITPOINT WARNING * * *
The kobold hits you but does no damage.
You feel less attractive to monsters.
Okay, then.
You escape the ball python's grasp.
It was a potion of invisibility.
You fade into invisibility!
The necrophage hits you.
* * * LOW HITPOINT WARNING * * *
You feel drained.
The kobold unwields a +0 dagger.
The kobold wields a +0 hand crossbow.
The kobold shoots a bolt.
The bolt barely misses the necrophage.
The bolt hits you!
You die...

#.....###'##...........
#..........#...........
#..........)...........
####...#...#...........
#.......#...........
#..##.#.............
#..#####............
#..##S##............
#..@nK.###....######
#..##h..# ....# #...
....# ##.. ..⌠_.#
#..#....## #.##...##
#.# ..## #. ?##


You could see a necrophage, a jackal, a ball python and a kobold.

Vanquished Creatures
  Sigmund (D:2)
  A sky beast (D:4)
  A water moccasin zombie (D:4)
  2 orc priests (D:4)
  An iguana (D:4)
  Ijyb (D:3)
  A hound skeleton (D:4)
  10 gnolls (D:3)
  A howler monkey skeleton (D:4)
  3 adders
  An ufetubus (D:4)
  An adder skeleton (D:4)
  2 dart slugs
  5 orcs
  2 endoplasms
  A giant cockroach (D:4)
  7 goblins
  3 hobgoblins
  4 jackals (D:1)
  4 kobolds
  3 quokkas
  4 ball pythons
  4 bats
  4 frilled lizards
  3 rats
70 creatures vanquished.

Notes
Turn   | Place    | Note
-------+----------+-------------------------------------------
     0 | Abyss:1  | robertstho the Demonspawn Abyssal Knight began the quest
                  | for the Orb.
     0 | Abyss:1  | Reached XP level 1. HP: 18/18 MP: 2/2
    39 | Abyss:1  | Noticed a tentacled starspawn
    40 | D:1      | Escaped the Abyss
   120 | D:1      | Reached * piety under Lugonu
   570 | D:1      | Gained mutation: Your demonic aura sometimes causes spilled
                  | blood to erupt in flames [demonic ancestry]
   570 | D:1      | Reached XP level 2. HP: 23/24 MP: 3/3
  1019 | D:2      | Noticed Sigmund
  1038 | D:1      | Reached XP level 3. HP: 24/30 MP: 3/5
  1113 | D:2      | Killed Sigmund
  1114 | D:2      | Reached skill level 1 in Dodging
  1114 | D:2      | Reached XP level 4. HP: 14/37 MP: 6/6
  1114 | D:2      | Gained mutation: Your demonic aura often causes spilled
                  | blood to erupt in flames [demonic ancestry]
  1114 | D:2      | Reached XP level 5. HP: 16/42 MP: 7/7
  1552 | D:2      | Reached ** piety under Lugonu
  2545 | D:3      | Gained mutation: You have sharp toenails. [demonic
                  | ancestry]
  2545 | D:3      | Reached XP level 6. HP: 49/49 MP: 8/8
  2803 | D:3      | Found a faded altar of an unknown god.
  2830 | D:3      | Noticed Ijyb
  2843 | D:3      | Killed Ijyb
  4172 | D:4      | Reached XP level 7. HP: 55/55 MP: 10/10
  4224 | D:4      | Found a shadowy altar of Dithmenos.
  4240 | D:4      | Gained mutation: You are somewhat resistant to further
                  | mutation. [potion of mutation]
  4240 | D:4      | Gained mutation: You have a pair of small antennae on your
                  | head. [potion of mutation]
  4241 | D:4      | HP: 2/54 [necrophage (1)]
  4243 | D:4      | Shot with a bolt by a kobold

Illustrated notes

Levels and vault maps discovered:
D:1:      dpeg_arrival_shelter, layout_basic, hangedman_decor_slide_cut
D:2:      layout_basic, uniq_sigmund
D:3:      layout_basic, lemuel_doored_altar,
          shapermc_ecumenical_altar_starsandcircs, dk_noncrumbling_3, uniq_ijyb
D:4:      layout_gridville, corexii_item_surrounded_by_moat,
          serial_park_tiny_pond, minmay_ruined_shrine

Skill      XL: |  1  2  3  4  5  6 |
---------------+-------------------+-----
Long Blades    | 2 3 |  3.7
Armour         | 2 3 4 |  4.6
Fighting       | 4 |  4.8
Dodging        | 1 |  1.3
Invocations    | 3 4 |  4.5
Stealth        | |  0.4

Action                   |  1- 3 |  4- 6 |  7- 9 || total
-------------------------+-------+-------+-------++-------
Melee: Falchion          |    82 |    82 |    13 ||   177
       Kick              |       |    24 |     6 ||    30
Invok: Depart the Abyss  |     1 |       |       ||     1
  Use: Potion            |     3 |     1 |     5 ||     9
Armor: Ring mail         |    31 |    21 |    10 ||    62
       Leather armour    |     1 |       |       ||     1
       Skin              |       |       |    15 ||    15
Dodge: Dodged            |    69 |    46 |     6 ||   121
       Rpst.: Falchion   |    24 |    17 |     2 ||    43

Table legend: (Time is in decaauts)
 A = Elapsed time spent in this place.
 B = Non-inter-level travel time spent in this place.
 C = Inter-level travel time spent in this place.
 D = Time resting spent in this place.
 E = Time spent auto-exploring this place.
 F = Levels seen in this place.
 G = Mean time per level.
                   A        B        C        D        E       F      G
               +--------+--------+--------+--------+--------+-----+--------+
         Total |   4272 |   4165 |    107 |     50 |   3655 |   5 |  854.4 |
       Dungeon |   4232 |   4125 |    107 |     50 |   3618 |   4 | 1058.0 |
         Abyss |     40 |     40 |      0 |      0 |     37 |   1 |   40.0 |
               +--------+--------+--------+--------+--------+-----+--------+

Top non-repeatable levels by time:
     D:3: 1531 daAuts
     D:2: 1135 daAuts
     D:1: 1060 daAuts
     D:4: 505 daAuts
 Abyss:1: 40 daAuts
